 Dungeon Crawl Stone Soup version 0.23.2-1-ga50397a (webtiles) character file.

Game seed: 12068247004320367983

81 sankara the Skirmisher (level 4, -3/38 HPs)
             Began as a Ghoul Artificer on May 4, 2019.
             Was an Initiate of Ru.
             Slain by a hobgoblin
             ... wielding a +0 club
             ... led by Robin
              (5 damage)
             ... on level 3 of the Dungeon.
             The game lasted 00:07:24 (2219 turns).

sankara the Skirmisher (Ghoul Artificer)            Turns: 2219, Time: 00:07:25

Health: -3/38      AC:  4    Str: 20    XL:     4   Next: 40%
Magic:  5/5        EV: 12    Int:  7    God:    Ru [......]
Gold:   124        SH:  0    Dex:  9    Spells: 3/3 levels left

rFire    . . .     SeeInvis .   a - +0 short sword
rCold    + . .     Gourm    .   (no shield)
rNeg     + + +     Faith    .   s - +0 leather armour
rPois    ∞         Spirit   .   (no helmet)
rElec    .         Reflect  .   (no cloak)
rCorr    .         Harm     .   q - +0 pair of gloves (curse)
MR       .....                  (no boots)
Stlth    ++........             (no amulet)
HPRegen  0.00/turn              (no ring)
MPRegen  0.09/turn              (no ring)

@: mighty, rotting
A: rotting body, claws 1, carnivore, cold resistance 1, negative energy
resistance 3, inhibited regeneration, torment resistance, unbreathing
a: Renounce Religion


You were on level 3 of the Dungeon.
You worshipped Ru.
Ru was noncommittal.
You were not hungry.

You visited 1 branch of the dungeon, and saw 3 of its levels.

You collected 124 gold pieces.

Inventory:

Hand Weapons
 a - a +0 short sword (weapon)
 b - a +0 hunting sling
   (You found it on level 2 of the Dungeon)
Missiles
 g - 166 stones (quivered)
 x - 4 sling bullets
Armour
 q - a cursed +0 pair of gloves (worn)
   (You found it on level 2 of the Dungeon)
 s - a +0 leather armour (worn)
Wands
 c - a wand of flame (15)
 d - a wand of enslavement (15)
 e - a wand of random effects (15)
Scrolls
 h - 2 scrolls of remove curse {unknown}
 i - 2 scrolls of enchant armour {unknown}
 k - 4 scrolls of identify {unknown}
 l - 2 scrolls of enchant weapon {unknown}
 m - a scroll of teleportation {unknown}
 p - a scroll of fear {unknown}
 w - a scroll of fog {unknown}
Potions
 n - a potion of haste {unknown}
 r - 2 potions of degeneration {unknown}
 u - a potion of heal wounds {unknown}
 v - a potion of agility {unknown}
Comestibles
 f - 3 rations
 j - 2 chunks of flesh {@w0}


   Skills:
 * Level 3.2 Fighting
 - Level 0.8 Short Blades
 + Level 1.4 Armour
 - Level 2.0 Dodging
 + Level 2.4 Stealth
 - Level 2.6 Evocations


You had 3 spell levels left.
You didn't know any spells.
Your spell library was empty.

Dungeon Overview and Level Annotations

Branches:
Dungeon (3/15)

Altars:
Elyvilon
Hepliaklqana
Nemelex Xobeh
Ru
Wu Jian

Annotations:
D:3 Robin


Innate Abilities, Weirdness & Mutations

Your body is rotting away.
You thrive on raw meat.
You are immune to poison.
You have sharp fingernails.
You are carnivorous and can eat meat at any time.
Your flesh is cold resistant. (rC+)
You are immune to negative energy. (rN+++)
You do not regenerate when monsters are visible.
You are immune to unholy pain and torment.
You can survive without breathing.


Message History

A hobgoblin comes into view.
The hobgoblin shouts!
Firing (i - inventory. (/) - cycle)
x - 7 sling bullets (quivered)
Press: ? - help, Shift-Dir - straight line, f - hobgoblin
Aim: a hobgoblin You shoot a sling bullet.
The sling bullet barely misses the hobgoblin.
Firing (i - inventory. (/) - cycle)
x - 6 sling bullets (quivered)
Press: ? - help, Shift-Dir - straight line, f/p - hobgoblin
Aim: a hobgoblin You shoot a sling bullet.
The sling bullet hits the hobgoblin.
The hobgoblin is moderately wounded.
The hobgoblin falls through a shaft!
The shaft crumbles and collapses.
No target in view!
x - 6 sling bullets (gained 1)
A bat comes into view.
The bat hits you but does no damage.
Firing (i - inventory. (/) - cycle)
x - 6 sling bullets (quivered)
Press: ? - help, Shift-Dir - straight line, f - bat
Aim: a bat You shoot a sling bullet.
The sling bullet hits the bat!
You kill the bat!
x - 6 sling bullets (gained 1)
There is an open door here.
A goblin comes into view.
Firing (i - inventory. (/) - cycle)
x - 6 sling bullets (quivered)
Press: ? - help, Shift-Dir - straight line, f - goblin
Aim: a goblin (resting)
You shoot a sling bullet. The sling bullet hits the goblin.
The goblin shouts!
The goblin is moderately wounded.
You hear a shout! x4
A hobgoblin comes into view.
Firing (i - inventory. (/) - cycle)
x - 5 sling bullets (quivered)
Press: ? - help, Shift-Dir - straight line, f/p - goblin
Aim: a goblin (moderately wounded)
You shoot a sling bullet.
The sling bullet closely misses the goblin.
A hobgoblin comes into view. It is wielding a +0 club.
The goblin closely misses you.
a - a +0 short sword (weapon)
You barely miss the goblin. The goblin closely misses you.
You barely miss the hobgoblin. The hobgoblin hits you.
Robin of the Strong Arm comes into view.
She is wielding a +0 spear.
You hit the hobgoblin.
The hobgoblin is severely wounded.
The hobgoblin hits you. The goblin hits you. Robin throws the goblin at you!
The hobgoblin completely misses you. The goblin hits you.
You hit the hobgoblin.
You kill the hobgoblin!
The goblin hits you. The hobgoblin barely misses you. The goblin hits you.
You are too injured to fight recklessly!
You are too injured to fight recklessly!
The goblin hits you but does no damage.
Robin roars a battlecry!
The goblins go into a battle-frenzy!
The goblin barely misses you.
You hear a shout!
A goblin comes into view. It is wielding a +0 club.
There is an open door here.
The goblin hits you but does no damage.
A goblin comes into view.
You barely miss the goblin. The goblin hits you.
Robin hits you but does no damage.
You hit the goblin.
You kill the goblin!
Robin throws the goblin at you!
You hit the goblin.
You kill the goblin!
The hobgoblin hits you with a +0 club. Robin throws the goblin at you!
You barely miss the goblin. The hobgoblin hits you with a +0 club!
* * * LOW HITPOINT WARNING * * *
The goblin hits you.
* * * LOW HITPOINT WARNING * * *
Robin hits you from afar with a +0 spear.
* * * LOW HITPOINT WARNING * * *
You hit the goblin.
The goblin is moderately wounded.
The hobgoblin closely misses you. The goblin hits you.
* * * LOW HITPOINT WARNING * * *
Robin hits you but does no damage.
It was a potion of curing.
You feel better. The hobgoblin closely misses you. The goblin hits you.
* * * LOW HITPOINT WARNING * * *
Robin closely misses you.
It was a potion of might.
You feel very mighty all of a sudden. The goblin misses you.
Robin hits you but does no damage. The hobgoblin hits you with a +0 club!
* * * LOW HITPOINT WARNING * * *
You hit the goblin.
You kill the goblin!
Robin throws the goblin at you!
The hobgoblin hits you but does no damage.
You closely miss the goblin. The goblin barely misses you.
Robin closely misses you. The hobgoblin hits you with a +0 club.
* * * LOW HITPOINT WARNING * * *
You barely miss the goblin. The goblin closely misses you.
Robin hits you but does no damage. The hobgoblin hits you with a +0 club.
You die...

. #.# #.# #.# #.#.#
#.# #.#
...##.#.#####.# #.#
..............###.####
######.#####....)....
#..........##.####
#.#.######.##.# #g#.#
#..#.# #@#.# #..#.#
#####g#.# #....#
#[....g.# #.#...
#.......######.#...
#............
#.?..$.######
#...)..(( #......###
###.####


You could see Robin, a hobgoblin and a goblin.

Vanquished Creatures
  An adder (D:2)
  An ooze (D:1)
  3 worms
  A dart slug (D:1)
  6 bats
  A giant cockroach (D:1)
  5 goblins
  13 hobgoblins
  2 jackals (D:1)
  A quokka (D:2)
  A ball python (D:3)
  6 frilled lizards
  10 kobolds
  6 rats
57 creatures vanquished.

Notes
Turn   | Place    | Note
-------+----------+-------------------------------------------
     0 | D:1      | sankara the Ghoul Artificer began the quest for the Orb.
     0 | D:1      | Reached XP level 1. HP: 16/16 MP: 1/1
   408 | D:1      | Reached XP level 2. HP: 10/23 MP: 3/3
   455 | D:1      | Reached skill level 2 in Dodging
   668 | D:1      | Reached skill level 2 in Fighting
   745 | D:1      | Reached XP level 3. HP: 21/29 MP: 4/4
   875 | D:1      | Found a sparkling altar of Nemelex Xobeh.
  1073 | D:1      | Reached skill level 1 in Armour
  1073 | D:1      | Reached skill level 2 in Stealth
  1482 | D:2      | Found an ornate altar of the Wu Jian Council.
  1547 | D:2      | Found a sacrificial altar of Ru.
  1550 | D:2      | Found a hazy altar of Hepliaklqana.
  1553 | D:2      | Found a white marble altar of Elyvilon.
  1682 | D:2      | Reached XP level 4. HP: 26/37 MP: 5/5
  1809 | D:2      | Reached skill level 3 in Fighting
  1863 | D:2      | Became a worshipper of Ru the Awakened
  2203 | D:3      | Noticed Robin
  2213 | D:3      | HP: 8/38 [goblin[Robin] (3)]
  2218 | D:3      | HP: 2/38 [hobgoblin/+0 club[Robin] (2)]
  2219 | D:3      | Slain by a hobgoblin

Skill      XL: |  1  2  3  4 |
---------------+-------------+-----
Dodging        | 2 |  2.0
Fighting       | 2 3 |  3.2
Armour         | 1 |  1.4
Stealth        | 2 |  2.4
Short Blades   | |  0.8
Evocations     | |  2.6

Action                   |  1- 3 |  4- 6 || total
-------------------------+-------+-------++-------
Melee: Short sword       |   136 |    40 ||   176
 Fire: Hunting sling     |    30 |    30 ||    60
Throw: Stone             |     2 |       ||     2
  Use: Potion            |       |     2 ||     2
 Stab: Sleeping          |     2 |       ||     2
  Eat: Chunk             |    17 |     7 ||    24
Armor: Leather armour    |    43 |    15 ||    58
Dodge: Dodged            |    96 |    23 ||   119

Levels and vault maps discovered:
D:1:      lemuel_arrival_rhombus, layout_basic, nemelex_altar_shiori
D:2:      layout_basic, lemuel_crystal_altar, grunt_temple_overflow_open,
          first_ration
D:3:      layout_basic, gammafunk_temple_overflow_statue, serial_curves,
          eino_curves_04, eino_curves_02, uniq_robin

Table legend:
 A = Turns spent in this place as a percentage of turns spent in the entire game.
 B = Non-inter-level travel turns spent in this place as a percentage of non-inter-level travel turns spent in the entire game.
 C = Inter-level travel turns spent in this place as a percentage of turns spent in this place.
 D = Turns resting spent in this place as a percentage of non-inter-level travel turns spent in this place.
 E = Turns spent auto-exploring this place as a percentage of non-inter-level travel turns spent in this place.
 F = Non-inter-level travel turns spent in this place divided by the number of levels of this place that you've seen.
                   A       B       C       D       E      F
               +-------+-------+-------+-------+-------+----------------------
         Total | 100.0 | 100.0 |   4.8 |   3.9 |  64.9 | 704.3
       Dungeon | 100.0 | 100.0 |   4.8 |   3.9 |  64.9 | 704.3
               +-------+-------+-------+-------+-------+----------------------

Table legend:
 A = Kills in this place as a percentage of kills in entire the game.
 B = Kills by you in this place as a percentage of kills by you in the entire game.
 C = Kills by friends in this place as a percentage of kills by friends in the entire game.
 D = Other kills in this place as a percentage of other kills in the entire game.
 E = Experience gained in this place as a percentage of experience gained in the entire game.
 F = Experience gained in this place divided by the number of levels of this place that you have seen.
                   A       B       C       D       E      F
               +-------+-------+-------+-------+-------+----------------------
         Total | 100.0 | 100.0 |   N/A |   N/A | 100.0 |  38.7
       Dungeon | 100.0 | 100.0 |   N/A |   N/A | 100.0 |  38.7
               +-------+-------+-------+-------+-------+----------------------
